 Dungeon Crawl Stone Soup version 0.24-a0-358-g53aee78b01 (webtiles) character file.

Game seed: 17423154453632878787

112 Avack the Firebug (level 4, -6/33 HPs)
             Began as a Hill Orc Fire Elementalist on May 25, 2019.
             Was an Initiate of Okawaru.
             Splashed by Ijyb's acid (17 damage)
             ... on level 4 of the Dungeon.
             The game lasted 00:05:05 (2870 turns).

Avack the Firebug (Hill Orc Fire Elementalist)      Turns: 2870, Time: 00:05:06

Health: -6/33      AC:  3    Str: 10    XL:     4   Next: 93%
Magic:  1/6        EV: 12    Int: 16    God:    Okawaru [......]
Gold:   193        SH:  0    Dex: 11    Spells: 2/6 levels left

rFire    . . .     SeeInvis .   n - +0 whip (curse)
rCold    . . .     Gourm    .   (no shield)
rNeg     . . .     Faith    .   a - +0 robe
rPois    +         Spirit   .   (no helmet)
rElec    .         Reflect  .   l - +2 cloak {rPois}
rCorr    .         Harm     .   (no gloves)
MR       .....                  m - +1 pair of boots
Stlth    ++........             (no amulet)
HPRegen  0.11/turn              (no ring)
MPRegen  0.10/turn              (no ring)

@: corroded
A: no striking features
a: Renounce Religion


You were on level 4 of the Dungeon.
You worshipped Okawaru.
Okawaru was noncommittal.
You were not hungry.

You visited 1 branch of the dungeon, and saw 4 of its levels.

You collected 193 gold pieces.

Inventory:

Hand Weapons
 n - a cursed +0 whip (weapon)
 o - a +0 morningstar
Missiles
 d - 153 stones
 h - 2 atropa-tipped darts
 j - 6 poisoned darts (quivered)
Armour
 a - a +0 robe (worn)
 l - a +2 cloak of poison resistance (worn)
 m - a +1 pair of boots (worn)
 p - a +0 buckler
Scrolls
 b - a scroll of identify
 e - 4 scrolls of amnesia
Potions
 g - a potion of invisibility
 k - a potion of curing
 q - a potion of degeneration {unknown}
Comestibles
 c - 6 rations
 f - 2 chunks of flesh


   Skills:
 - Level 1.5 Dodging
 - Level 1.5 Stealth
 - Level 1.5 Spellcasting
 * Level 3.7 Conjurations
 + Level 4.3 Fire Magic


You had 2 spell levels left.
You knew the following spells:

 Your Spells              Type           Power        Failure   Level  Hunger
a - Flame Tongue          Conj/Fire      ##...        4%          1    ##.....
b - Conjure Flame         Conj/Fire      ##......     12%         3    ####...

Your spell library contained the following spells:

 Spells                   Type           Power        Failure   Level  Hunger
 Throw Flame              Conj/Fire      ##....       6%          2    ###....
 Inner Flame              Hex/Fire       #.......     26%         3    ####...
 Sticky Flame             Conj/Fire      ##......     38%         4    #####..
 Fireball                 Conj/Fire      ##........   75%         5    ######.


Dungeon Overview and Level Annotations

Branches:
Dungeon (4/15)
 Temple: D:4-7

Altars:
Okawaru
Zin

Annotations:
D:4 Ijyb


Message History

Casting: Flame Tongue (safe; 4% risk of failure)
Confirm with . or Enter, or press ? or * to list all spells.
Aiming: Flame Tongue (safe; 4% risk of failure)
Press: ? - help, Shift-Dir - straight line, f/p - Ijyb
Aim: Ijyb, wearing a +0 leather armour of cold resistance and carrying a wand of acid (8) (almost dead, unusually agile)
The flame tongue hits Ijyb but does no damage.
Ijyb is almost dead.
Ijyb barely misses you.
Casting: Flame Tongue (safe; 4% risk of failure)
Confirm with . or Enter, or press ? or * to list all spells.
Aiming: Flame Tongue (safe; 4% risk of failure)
Press: ? - help, Shift-Dir - straight line, f/p - Ijyb
Aim: Ijyb, wearing a +0 leather armour of cold resistance and carrying a wand of acid (8) (almost dead, unusually agile)
The flame tongue hits Ijyb.
Ijyb is almost dead.
Ijyb zaps a wand.
The bolt of acid hits you!!
Ouch! That really hurt!
The acid corrodes you!
You are splashed with acid!
Ouch! That really hurt!
You die...

#.# #.#.....
###(####.#.....
##...#....#.....
#..#.)...##.....
#.........'.....
###########.###+###.#.....
............# #.######
###########.###.###.######
......g@..+.._..'.....>#
.....####.#######.######
..# ..# ## #.#
#.#######.#####
#.............#
#.#..#.#......# #$#
#.#......##
.#..#...รท......
#......######.


You could see Ijyb.

Vanquished Creatures
  A howler monkey skeleton (D:3)
  2 adders (D:3)
  An ooze (D:1)
  3 worms (D:3)
  4 dart slugs
  4 orcs
  A ball python (D:2)
  5 giant cockroaches
  8 goblins
  5 hobgoblins
  2 jackals (D:1)
  6 kobolds
  2 quokkas
  6 bats
  4 frilled lizards
  4 rats (D:1)
58 creatures vanquished.

Notes
Turn   | Place    | Note
-------+----------+-------------------------------------------
     0 | D:1      | Avack the Hill Orc Fire Elementalist began the quest for
                  | the Orb.
     0 | D:1      | Reached XP level 1. HP: 14/14 MP: 3/3
   286 | D:1      | Reached XP level 2. HP: 20/20 MP: 2/4
   813 | D:1      | Reached XP level 3. HP: 26/26 MP: 3/5
  1402 | D:2      | Learned a level 3 spell: Conjure Flame
  1942 | D:3      | Reached skill level 4 in Fire Magic
  1981 | D:3      | Reached XP level 4. HP: 22/33 MP: 0/6
  2415 | D:3      | Found an iron altar of Okawaru.
  2424 | D:3      | Became a worshipper of Warmaster Okawaru
  2826 | D:4      | Found a glowing silver altar of Zin.
  2863 | D:4      | Noticed Ijyb
  2870 | D:4      | Splashed by Ijyb's acid

Levels and vault maps discovered:
D:1:      eino_arrival_cavern_b, layout_loops_ring
D:2:      layout_basic
D:3:      corexii_shack_village, layout_loops_ring, old_standard_altar,
          first_ration
D:4:      layout_basic, lemuel_doored_altar, ashenzari_altar_1,
          lemuel_crystal_altar, minmay_ogre_servants, uniq_ijyb, uniq_natasha

Skill      XL: |  1  2  3 |
---------------+----------+-----
Conjurations   | 2 3 |  3.7
Fire Magic     | 4 |  4.3
Dodging        | |  1.5
Stealth        | |  1.5
Spellcasting   | |  1.5

Action                   |  1- 3 |  4- 6 || total
-------------------------+-------+-------++-------
Melee: Hand axe          |    24 |       ||    24
       Short sword       |     3 |       ||     3
       Whip              |     1 |    33 ||    34
 Cast: Flame Tongue      |    50 |    42 ||    92
  Use: Scroll            |     2 |     3 ||     5
 Stab: Sleeping          |       |     1 ||     1
  Eat: Chunk             |     4 |     4 ||     8
Armor: Robe              |     5 |    12 ||    17
Dodge: Dodged            |    24 |    29 ||    53

Table legend:
 A = Non-vault XP
 B = Vault XP
 C = Vault XP percentage of total XP
 D = Non-vault monster count
 E = Vault monster count
 F = Vault count percentage of total count
                 A         B        C        D         E       F
            +---------+---------+-------+---------+---------+-------
      Total |     144 |      16 |  10.0 |      51 |       7 |  12.1
            +---------+---------+-------+---------+---------+-------
        D:1 |      45 |       0 |   0.0 |      24 |       0 |   0.0
        D:2 |       9 |       0 |   0.0 |       4 |       0 |   0.0
        D:3 |      85 |      16 |  15.8 |      21 |       7 |  25.0
        D:4 |       5 |       0 |   0.0 |       2 |       0 |   0.0
            +---------+---------+-------+---------+---------+-------
